 Dungeon Sprint DCSS version 0.30-a0-371-gad7725a93e (webtiles) character file.

Game seed: 14906682731153413732

58205 mhtbhm the Shatterer (level 14, -19/159 HPs)
             Began as an Armataur Fighter on Nov 20, 2022.
             Was an Initiate of Gozag.
             Killed from afar by an ironbound frostheart (36 damage)
             ... by creeping frost
             ... in the Dungeon (Sprint IX: "|||||||||||||||||||||||||||||").
             The game lasted 00:09:58 (5994 turns).

mhtbhm the Shatterer (Armataur Fighter)             Turns: 5994, Time: 00:09:58

Health: -19/159    AC: 32    Str: 32    XL:     14   Next: 48%
Magic:  14/14      EV:  7    Int: 10    God:    Gozag
Gold:   10470      SH: 15    Dex: 10    Spells: 13/13 levels left

rFire   + . .      SeeInvis .    a - +1 demon whip (vamp)
rCold   . . .      Faith    .    c - +2 buckler {AC+3}
rNeg    . . .      Spirit   .    b - +0 chain mail "Hazuusisah" {rElec Str+4}
rPois   +          Reflect  +    G - +2 hat
rElec   +          Harm     .    F - +2 cloak {Stlth+}
rCorr   .          Roll     +    t - +0 pair of gloves
Will    +....      NoTele   +    n - +0 barding
Stlth   +++.......               D - amulet "Ridghir" {Reflect rF+ SH+5}
HPRegen 0.46/turn                p - +3 ring of strength
MPRegen 0.14/turn                x - ring of poison resistance

@: gold aura
A: large, rugged brown scales 3, deformed body, armoured tail, roll, long
tongue, awkward tongue
a: Renounce Religion, Potion Petition, Call Merchant, Bribe Branch


You were in the Dungeon.
You worshipped Gozag.
Gozag was extremely pleased with you.
You visited 1 branch You collected 16403 gold pieces.
You spent 2406 gold pieces at shops.
You paid 3527 gold pieces to Gozag.

Inventory:

Hand Weapons
 a - a +1 vampiric demon whip (weapon)
Missiles
 m - 3 throwing nets
 q - 5 poisoned darts (quivered)
 E - 5 curare-tipped darts
Armour
 b - the +0 chain mail "Hazuusisah" (worn) {rElec Str+4}
   (You bought it in a shop in the Dungeon)

   Str:       It affects your strength (+4).
   rElec:     It insulates you from electricity.
 c - a +2 buckler of protection (worn)
 n - a +0 barding (worn)
 t - a +0 pair of gloves (worn)
 F - a +2 cloak of stealth (worn)
 G - a +2 hat (worn)
Jewellery
 o - a +3 ring of strength
 p - a +3 ring of strength (left hand)
 v - a ring of positive energy
 w - a ring of fire
 x - a ring of poison resistance (right hand)
 y - a ring of willpower
 D - the amulet "Ridghir" (around neck) {Reflect rF+ SH+5}
   (You bought it in a shop in the Dungeon)

   [amulet of reflection]

   It reflects blocked missile attacks.
   rF:        It protects you from fire.
   SH:        It affects your SH (+5).
Wands
 l - a wand of iceblast (10)
Scrolls
 j - 2 scrolls of blinking
 k - 3 scrolls of amnesia
 r - 3 scrolls of identify
 s - 4 scrolls of enchant weapon
 z - a scroll of fear
 A - 2 scrolls of enchant armour
Potions
 d - 5 potions of might
 e - 9 potions of curing
 f - 7 potions of heal wounds
 g - a potion of haste
 h - 4 potions of magic
 i - a potion of mutation
 u - a potion of flight {unknown}
 B - a potion of invisibility
 C - a potion of lignification {unknown}


   Skills:
 + Level 20.3 Fighting
 + Level 21.4 Maces & Flails
 + Level 20.1 Armour
 + Level 6.7 Dodging
 + Level 11.6 Stealth
 + Level 18.7 Shields


You had 13 spell levels left.
You didn't know any spells.
Your spell library was empty.

Dungeon Overview and Level Annotations

Branches:
Dungeon (1/1)

Altars:
Cheibriados
Dithmenos
Elyvilon
Fedhas
Gozag
Hepliaklqana
Kikubaaqudgha
Makhleb
Nemelex Xobeh
Okawaru
Qazlal
Ru
Sif Muna
Trog
Uskayaw
Vehumet
Wu Jian
Xom
Yredelemnul
Zin
The Shining One
Jiyva
Lugonu

Shops:
D [!=[([[!


Innate Abilities, Weirdness & Mutations

You are completely covered in rugged brown scales. (AC +3, +7% HP)
Armour fits poorly on your strangely shaped body.
You have a long armoured tail.
You roll when moving toward enemies. (Rampage)
Your long tongue fully drains potion bottles. (2x potion effects)
Your tongue gives you trouble enunciating. (1.5x scroll delay)


Message History

You whack the ironbound preserver!
You kill the ironbound preserver!
The ironbound frostheart calls freezing cold from the walls.
The frost grips you!
You are encased in ice.
Unknown command.
You thrash the ironbound convoker!!
The ironbound convoker is heavily wounded.
You thrash the ironbound convoker!!
The ironbound convoker is almost dead.
The ironbound convoker hits you with a +0 flail.
Unknown command.
You barely miss the ironbound convoker.
The ironbound convoker is almost dead.
Unknown command.
You whack the ironbound convoker!
You kill the ironbound convoker!
The centaur warrior wields a +0 longbow.
The centaur warrior shoots an arrow.
You reflect the arrow off an invisible shield around you!
The arrow hits the centaur warrior!!
The ironbound frostheart calls freezing cold from the walls.
The frost grips you!!!
* * * LOW HITPOINT WARNING * * *
You roll towards the centaur warrior!
A lindwurm comes into view.
You punish the centaur warrior, causing immense pain!!!
You kill the centaur warrior!
Unknown command.
You roll towards the great orb of eyes!
A slime creature comes into view.
The slime creature quivers.
You hit the great orb of eyes.
You feel better.
The great orb of eyes is lightly wounded.
The ice encasing you melts away.
The yaktaur captain is distracted by your dazzling golden aura.
The ironbound frostheart calls freezing cold from the walls.
The frost grips you!!!
You die...
Your body crumbles into a pile of gold.

▓.▓.♣.♣.▓[▓.▓)▓.▓.
▓.▓.♣.♣.▓[▓.▓)▓.▓'
▓.▓.♣.♣.▓.▓.▓)▓.▓.
▓)▓.♣.♣.▓.▓.▓.▓.▓.
▓.▓.♣.♣.▓.▓.▓)▓.▓.
▓.▓(▓'▓.▓.▓.▓)▓.▓.
▓'▓.▓.▓.▓(▓.▓.▓.▓.
▓$▓.▓.▓.▓.▓.▓.▓.▓.
▓@▓.▓.▓.▓.▓.▓.▓.▓.
▓G▓.▓)▓.▓∩▓.▓.▓.▓.
▓p▓)▓.▓.▓∩▓.▓)▓.▓.
▓k▓)▓)▓.▓∩▓.▓)▓.▓'
▓c▓.▓.▓.▓'▓.▓)▓.▓.
▓k▓.▓.▓.▓(▓.▓.▓.▓.
▓.▓)▓.▓.▓)▓.▓.▓[▓.
▓J▓.▓'▓.▓[▓.▓.▓.▓.
▓.▓)▓.▓)▓.▓∩▓.▓.


You could see a yaktaur captain (unaware), a great orb of eyes, a slime
creature, an ironbound frostheart and 2 lindwurms.

Vanquished Creatures
  A lich (D)
  Rupert (D)
  Kirke (D)
  2 fire giants (D)
  2 frost giants (D)
  An iron dragon (D)
  A very ugly thing (D)
  An ironbound preserver (D)
  An eleionoma (D)
  3 vampire knights (D)
  Nessos (D)
  4 stone giants (D)
  3 ettins (D)
  4 fire dragons (D)
  3 rakshasas (D)
  2 hydras (D)
  4 ogre magi (D)
  A jorogumo (D)
  Erica (D)
  A radroach (D)
  2 alligators (D)
  A merfolk avatar (D)
  2 centaur warriors (D)
  A two-headed ogre (D)
  A naga warrior (D)
  2 deep troll shamans (D)
  A shock serpent (D)
  A deep troll earth mage (D)
  Sonja (D)
  Nergalle (D)
  2 salamander mystics (D)
  2 skeletal warriors (D)
  An iron troll (D)
  A pharaoh ant (D)
  A spriggan druid (D)
  An orb spider (D)
  4 deep trolls (D)
  An ironbound convoker (D)
  An orc knight (D)
  2 harpies (D)
  A deep elf pyromancer (D)
  2 orc sorcerers (D)
  2 cyclopes (D)
  An ugly thing (D)
  3 will-o-the-wisps (D)
  2 elephants (D)
  4 black mambas (D)
  2 torpor snails (D)
  A merfolk siren (D)
  A gargoyle (D)
  4 cane toads (D)
  Psyche (D)
  2 komodo dragons (D)
  A merfolk (D)
  5 tyrant leeches (D)
  2 trolls (D)
  A hornet (D)
  3 snapping turtles (D)
  A jumping spider (D)
  A spriggan (D)
  2 yaks (D)
  Eustachio (D)
  2 basilisks (D)
  2 hogs (D)
  2 redbacks (D)
  A vampire mosquito (D)
  A naga (D)
  5 water moccasins (D)
  9 orc warriors (D)
  A black bear (D)
  An ice beast (D)
  A kobold brigand (D)
  3 bullfrogs (D)
  A wight (D)
  4 orc priests (D)
  A gnoll bouda (D)
  An iguana (D)
  5 orc wizards (D)
  A hell rat (D)
  An ufetubus (D)
  A worm (D)
  A dart slug (D)
  6 orcs (D)
  2 ball pythons (D)
  2 giant cockroaches (D)
164 creatures vanquished.

Vanquished Creatures (others)
  An unseen horror (D)
  A bloated husk (D)
  2 humans (D)
  An orc wizard (D)
  7 foxfires (D)
12 creatures vanquished.

Grand Total: 176 creatures vanquished

Notes
Turn   | Place    | Note
-------+----------+-------------------------------------------
     0 | D        | mhtbhm the Armataur Fighter began the quest for the Orb.
     0 | D        | Reached XP level 1. HP: 19/19 MP: 1/1
    27 | D        | Noticed an iguana
    27 | D        | Noticed an ice beast
    30 | D        | Reached skill level 2 in Maces & Flails
    30 | D        | Reached XP level 2. HP: 27/27 MP: 2/2
    34 | D        | Reached skill level 5 in Shields
    34 | D        | Reached XP level 3. HP: 35/35 MP: 3/3
    36 | D        | Reached skill level 5 in Armour
    40 | D        | Killed an ice beast
    41 | D        | Reached skill level 5 in Fighting
    41 | D        | Reached skill level 3 in Maces & Flails
    41 | D        | Reached XP level 4. HP: 44/44 MP: 4/4
    87 | D        | Found a snail-covered altar of Cheibriados.
    87 | D        | Found a shadowy altar of Dithmenos.
    87 | D        | Found a white marble altar of Elyvilon.
    87 | D        | Found a blossoming altar of Fedhas.
    87 | D        | Found an opulent altar of Gozag.
    88 | D        | Found a hazy altar of Hepliaklqana.
    89 | D        | Found a viscous altar of Jiyva.
    90 | D        | Found an ancient bone altar of Kikubaaqudgha.
    91 | D        | Found a corrupted altar of Lugonu.
    92 | D        | Found a burning altar of Makhleb.
    93 | D        | Found a sparkling altar of Nemelex Xobeh.
    94 | D        | Found an iron altar of Okawaru.
    95 | D        | Found a stormy altar of Qazlal.
    96 | D        | Found a sacrificial altar of Ru.
    97 | D        | Found a shimmering blue altar of Sif Muna.
   101 | D        | Became a worshipper of Gozag Ym Sagoz the Greedy
   105 | D        | Found a bloodstained altar of Trog.
   106 | D        | Found a hide-covered altar of Uskayaw.
   107 | D        | Found a radiant altar of Vehumet.
   108 | D        | Found an ornate altar of the Wu Jian Council.
   109 | D        | Found a shimmering altar of Xom.
   110 | D        | Found a basalt altar of Yredelemnul.
   111 | D        | Found a glowing silver altar of Zin.
   112 | D        | Found a glowing golden altar of the Shining One.
   173 | D        | Noticed a kobold brigand
   173 | D        | Noticed a gargoyle
   173 | D        | Noticed a yak
   182 | D        | Killed a kobold brigand
   183 | D        | Reached skill level 4 in Maces & Flails
   183 | D        | Reached XP level 5. HP: 49/53 MP: 5/5
   188 | D        | Reached skill level 1 in Dodging
   192 | D        | Killed a gargoyle
   193 | D        | Reached skill level 7 in Maces & Flails
   193 | D        | Reached XP level 6. HP: 25/64 MP: 6/6
   196 | D        | Reached XP level 7. HP: 28/70 MP: 7/7
   198 | D        | Killed a yak
   201 | D        | Reached skill level 8 in Maces & Flails
   201 | D        | Reached skill level 10 in Armour
   366 | D        | Noticed a skeletal warrior
   366 | D        | Noticed a deep elf pyromancer
   366 | D        | Noticed a vampire mosquito
   366 | D        | Noticed a two-headed ogre
   368 | D        | Noticed an unseen horror
   372 | D        | Killed an unseen horror
   380 | D        | Killed a skeletal warrior
   381 | D        | Reached skill level 9 in Maces & Flails
   381 | D        | Reached skill level 1 in Stealth
   381 | D        | Reached XP level 8. HP: 80/80 MP: 8/8
   384 | D        | Reached skill level 10 in Maces & Flails
   388 | D        | Killed a two-headed ogre
   389 | D        | Reached skill level 11 in Maces & Flails
   398 | D        | Killed a deep elf pyromancer
   399 | D        | Reached XP level 9. HP: 50/88 MP: 9/9
   632 | D        | Noticed a black mamba
   635 | D        | Noticed a komodo dragon
   642 | D        | Reached skill level 5 in Stealth
   644 | D        | Killed a black mamba
   645 | D        | Reached skill level 12 in Maces & Flails
   650 | D        | Noticed an elephant
   654 | D        | Noticed an elephant
   667 | D        | Killed a komodo dragon
   675 | D        | Killed an elephant
   676 | D        | Reached skill level 10 in Fighting
   676 | D        | Reached skill level 13 in Maces & Flails
   687 | D        | Killed an elephant
   688 | D        | Reached XP level 10. HP: 74/99 MP: 10/10
   764 | D        | Noticed a cane toad
   765 | D        | Noticed a cane toad
   773 | D        | Noticed a cane toad
   780 | D        | Killed a cane toad
   781 | D        | Reached skill level 14 in Maces & Flails
   793 | D        | Reached skill level 10 in Shields
   795 | D        | Killed a cane toad
   802 | D        | Killed a cane toad
  1170 | D        | Noticed a cane toad
  1184 | D        | Reached skill level 15 in Maces & Flails
  1533 | D        | Killed a cane toad
  1660 | D        | Noticed Eustachio
  1787 | D        | Killed Eustachio
  1811 | D        | Noticed Erica
  1821 | D        | Killed Erica
  1822 | D        | Reached XP level 11. HP: 98/111 MP: 11/11
  1873 | D        | Bought a jewelled chain mail for 294 gold pieces
  1873 | D        | Identified the +0 chain mail "Hazuusisah" {rElec Str+4}
                  | (You bought it in a shop in the Dungeon)
  1884 | D        | Bought a glowing buckler for 232 gold pieces
  1902 | D        | Reached skill level 16 in Maces & Flails
  1976 | D        | Noticed an orc knight
  1987 | D        | Noticed an orc sorcerer
  1989 | D        | Noticed an orc sorcerer
  2000 | D        | Killed an orc knight
  2001 | D        | Paralysed by an orc sorcerer for 4 turns
  2005 | D        | Noticed a sun demon
  2010 | D        | Killed an orc sorcerer
  2016 | D        | Killed an orc sorcerer
  2210 | D        | Found Feumadweota's Weapon Emporium.
  2210 | D        | Noticed an iron troll
  2210 | D        | Noticed an ogre mage
  2210 | D        | Noticed an ogre mage
  2212 | D        | Noticed an ogre mage
  2219 | D        | Noticed an ogre mage
  2223 | D        | Killed an iron troll
  2224 | D        | Reached skill level 17 in Maces & Flails
  2226 | D        | Noticed a deep troll
  2230 | D        | Killed an ogre mage
  2238 | D        | Killed an ogre mage
  2245 | D        | Killed an ogre mage
  2246 | D        | Found Ynnykhel's Armour Shoppe.
  2254 | D        | Killed an ogre mage
  2260 | D        | Killed a deep troll
  2261 | D        | Reached skill level 15 in Armour
  2441 | D        | Found Feul's Antique Armour Emporium.
  2445 | D        | Found Ponueguig's Distillery.
  2447 | D        | Noticed a deep troll
  2447 | D        | Noticed an ettin
  2448 | D        | Noticed a stone giant
  2449 | D        | Noticed a deep troll
  2449 | D        | Noticed a deep troll
  2454 | D        | Killed a deep troll
  2462 | D        | Killed a stone giant
  2654 | D        | Killed an ettin
  2655 | D        | Reached XP level 12. HP: 126/126 MP: 12/12
  2930 | D        | Reached skill level 15 in Fighting
  2973 | D        | Bought a potion of curing for 42 gold pieces
  2973 | D        | Bought a potion of curing for 42 gold pieces
  2973 | D        | Bought a potion of heal wounds for 70 gold pieces
  2973 | D        | Bought a potion of heal wounds for 70 gold pieces
  2980 | D        | Bought a +1 morningstar of draining for 156 gold pieces
  3039 | D        | Noticed Psyche
  3051 | D        | Killed Psyche
  3179 | D        | Bought a potion of heal wounds for 70 gold pieces
  3179 | D        | Bought a potion of curing for 42 gold pieces
  3179 | D        | Bought a potion of might for 56 gold pieces
  3179 | D        | Bought a potion of invisibility for 112 gold pieces
  3179 | D        | Bought a potion of curing for 42 gold pieces
  3179 | D        | Bought a potion of curing for 42 gold pieces
  3179 | D        | Bought a potion of berserk rage for 70 gold pieces
  3181 | D        | Bought the amulet "Ridghir" {Reflect rF+ SH+5} for 660 gold
                  | pieces
  3186 | D        | Noticed a centaur warrior
  3186 | D        | Noticed an eight-headed hydra
  3186 | D        | Noticed a rakshasa
  3196 | D        | Noticed an eight-headed hydra
  3201 | D        | Killed a centaur warrior
  3207 | D        | Killed an eight-headed hydra
  3208 | D        | Reached skill level 18 in Maces & Flails
  3210 | D        | Noticed a frost giant
  3226 | D        | Killed a rakshasa
  3227 | D        | Noticed an ettin
  3229 | D        | Noticed a stone giant
  3239 | D        | Noticed an ettin
  3246 | D        | Killed an eight-headed hydra
  3247 | D        | Noticed a fire dragon
  3256 | D        | Noticed a stone giant
  3260 | D        | Killed a frost giant
  3267 | D        | Killed a stone giant
  3268 | D        | Reached skill level 5 in Dodging
  3489 | D        | Killed an ettin
  3614 | D        | Killed an ettin
  3621 | D        | Killed a fire dragon
  3649 | D        | Killed a stone giant
  3740 | D        | Noticed Rupert
  3742 | D        | Noticed Sonja
  3752 | D        | Noticed Kirke
  3764 | D        | Killed Rupert
  3765 | D        | Reached XP level 13. HP: 139/139 MP: 13/13
  3783 | D        | Killed Sonja
  3790 | D        | Killed Kirke
  4032 | D        | Bought a runed cloak for 210 gold pieces
  4032 | D        | Bought an embroidered hat for 196 gold pieces
  4233 | D        | Reached skill level 19 in Maces & Flails
  4296 | D        | Noticed an eleionoma
  4303 | D        | Killed an eleionoma
  4304 | D        | Reached skill level 15 in Shields
  4327 | D        | Reached skill level 10 in Stealth
  4657 | D        | Reached skill level 20 in Maces & Flails
  4929 | D        | Noticed Nergalle
  4929 | D        | Noticed Nessos
  4940 | D        | Killed Nergalle
  4943 | D        | Killed Nessos
  5012 | D        | Noticed a fire dragon
  5012 | D        | Noticed a vampire knight
  5012 | D        | Noticed a frost giant
  5012 | D        | Noticed a stone giant
  5012 | D        | Noticed a vampire knight
  5020 | D        | Noticed a vampire knight
  5022 | D        | Killed a fire dragon
  5023 | D        | Noticed a fire dragon
  5032 | D        | Killed a vampire knight
  5044 | D        | Noticed an iron dragon
  5393 | D        | Paralysed by a vampire knight for 4 turns
  5402 | D        | Killed a vampire knight
  5403 | D        | Reached XP level 14. HP: 109/156 MP: 14/14
  5474 | D        | Killed a frost giant
  5545 | D        | Killed a stone giant
  5568 | D        | Killed an iron dragon
  5588 | D        | Killed a vampire knight
  5646 | D        | Noticed a fire giant
  5657 | D        | Killed a fire giant
  5774 | D        | Noticed a brown very ugly thing
  5784 | D        | Killed a brown very ugly thing
  5810 | D        | Reached skill level 21 in Maces & Flails
  5856 | D        | Noticed a lich
  5874 | D        | Killed a lich
  5912 | D        | Noticed a fire giant
  5924 | D        | Killed a fire giant
  5977 | D        | Noticed an ironbound preserver
  5988 | D        | Killed an ironbound preserver
  5994 | D        | Killed from afar by an ironbound frostheart

Illustrated notes

Levels and vault maps discovered:
D:        linesprint [early_d, line_temple, items_1, d_10, items_2, lair_1,
          lair_end, items_3, orc_1, orc_end, items_4, d_15, swamp_1, shoals_1,
          snake_1, spider_1, d_20, vaults_1, items_5, swamp_end, shoals_end,
          snake_end, spider_end, vaults_end, d_27, items_6, zot_1, zot_end,
          crypt_end, forest_end, elf_end, slime_end, tomb_end, abyss_end,
          pan_hell_end]

Skill      XL: |  1  2  3  4  5  6  7  8  9 10 11 12 13 14 |
---------------+-------------------------------------------+-----
Fighting       | 3 4 5 6 7 8 9 10 11 14 16 19 20 | 20.3
Shields        | 4 5 6 7 8 9 10 11 14 17 18 | 18.7
Maces & Flails | 2 3 4 7 9 11 13 15 17 18 20 21 | 21.4
Armour         | 4 6 7 9 11 12 13 15 18 19 20 | 20.1
Dodging        | 1 2 3 4 5 6 |  6.7
Stealth        | 1 4 6 7 8 9 10 11 | 11.6

Action                   |  1- 3 |  4- 6 |  7- 9 | 10-12 | 13-15 || total
-------------------------+-------+-------+-------+-------+-------++-------
Melee: Flail             |    25 |     1 |       |       |       ||    26
       Tailslap          |     4 |     3 |    13 |    66 |   105 ||   191
       Morningstar       |       |    22 |    94 |   301 |       ||   417
       Demon whip        |       |       |       |   122 |   458 ||   580
Invok: Call Merchant     |       |       |       |     3 |     1 ||     4
       Potion Petition   |       |       |       |     1 |       ||     1
  Use: Potion            |     1 |       |     2 |     6 |     3 ||    12
       Scroll            |       |       |       |     1 |     1 ||     2
 Stab: Invisible         |       |       |     4 |       |       ||     4
       Distracted        |       |       |     1 |     3 |     3 ||     7
       Sleeping          |       |       |       |       |     1 ||     1
Armor: Scale mail        |     8 |    11 |    63 |    30 |       ||   112
       Chain mail        |       |       |       |    79 |   117 ||   196
       Skin              |       |       |       |     4 |       ||     4
Dodge: Dodged            |     5 |     4 |    14 |    40 |    42 ||   105
Block: Buckler           |     8 |     3 |    16 |    88 |   124 ||   239
       Reflection        |       |       |       |     2 |     5 ||     7

Table legend: (Time is in decaauts)
 A = Elapsed time spent in this place.
 B = Non-inter-level travel time spent in this place.
 C = Inter-level travel time spent in this place.
 D = Time resting spent in this place.
 E = Time spent auto-exploring this place.
 F = Levels seen in this place.
 G = Mean time per level.
                   A        B        C        D        E       F      G
               +--------+--------+--------+--------+--------+-----+--------+
         Total |   5653 |   5653 |      0 |   1839 |   1473 |   1 | 5653.0 |
       Dungeon |   5653 |   5653 |      0 |   1839 |   1473 |   1 | 5653.0 |
               +--------+--------+--------+--------+--------+-----+--------+

Top non-repeatable levels by time:
       D: 5653 daAuts
